 Dungeon Crawl Stone Soup version 0.18.1-50-g88ac8fd (webtiles) character file.

224 Amnesiac the Cutter (level 6, 29/29 HPs)
             Began as a Vine Stalker Artificer on July 6, 2018.
             Starved to death
             ... on level 4 of the Dungeon.
             The game lasted 00:03:28 (578 turns).

Amnesiac the Cutter (Vine Stalker Artificer)         Turns: 578, Time: 00:03:29

Health: 29/29      AC:  3    Str: 16    XL:     6   Next: 0%
Magic:  9/9        EV: 12    Int: 12    God:
Gold:   98         SH:  0    Dex: 14    Spells: 0 memorised, 5 levels left

rFire  . . .     SeeInvis +     i - +0 dagger (venom)
rCold  . . .     Gourm    .     b - +0 leather armour
rNeg   . . .     Faith    .     (no shield)
rPois  .         Spirit   +     (no helmet)
rElec  .         Dismiss  .     (no cloak)
rCorr  .         Reflect  .     (no gloves)
SustAt .         Harm     .     (no boots)
MR     .....                    (no amulet)
Stlth  ++........               (no ring)
                                j - ring of see invisible

@: fainting, not resistant to hostile enchantments, unstealthy
A: fangs 2, regeneration 2, magic shield, antimagic bite, no device heal 3, rot
immunity
a: no special abilities


You were on level 4 of the Dungeon.
You were fainting.

You visited 1 branch of the dungeon, and saw 4 of its levels.

You collected 98 gold pieces.

Inventory:

Hand Weapons
 a - a +0 short sword
 i - a +0 dagger of venom (weapon)
Armour
 b - a +0 leather armour (worn)
Jewellery
 j - a ring of see invisible (left hand)
Wands
 c - a wand of flame (4/48)
 d - a wand of enslavement (15/24)
 e - a wand of random effects (14/48)
Scrolls
 f - a scroll of noise {!r, unknown}
 h - a scroll of enchant weapon {!r}
 k - 3 scrolls of identify {!r}


   Skills:
 - Level 0.8 Fighting
 + Level 5.2 Short Blades
 - Level 1.5 Dodging
 - Level 1.2 Stealth
 - Level 2.6 Evocations


You had 5 spell levels left.
You didn't know any spells.

Dungeon Overview and Level Annotations

Branches:
Dungeon (4/15)
 Temple: D:4-7

Altars:
Gozag
Kikubaaqudgha
Yredelemnul
The Shining One

Annotations:
D:4 Amnesiac's ghost, amateur VSAr


Innate Abilities, Weirdness & Mutations

You have extremely sharp teeth.
You heal very quickly.
When hurt, damage is shared between your health and your magic reserves.
Your bite disrupts and absorbs the magic of your enemies.
Potions and wands cannot restore your health.
You are immune to rotting.


Message History

Identify which item? (\ to view known items) (? for menu, Esc to quit)
h - a scroll of enchant weapon {!r} Read which item? (? for menu, Esc to quit)
Really read
k - 3 scrolls of identify {!r}?
Identify which item? (\ to view known items) (? for menu, Esc to quit)
As you read the scroll of identify {!r}, it crumbles to dust.
j - an uncursed ring of see invisible Put on which piece of jewellery? (? for menu, Esc to quit)
j - a ring of see invisible (left hand)
What do you say? t - Shout!
Orders for allies: a - Attack new target. r - Retreat! s - Stop attacking. w - Wait here. f - Follow me.
Anything else - Stay silent.
You shout for attention!
What do you say? t - Shout!
Orders for allies: a - Attack new target. r - Retreat! s - Stop attacking. w - Wait here. f - Follow me.
Anything else - Stay silent.
You shout for attention!
You open the large door.
A giant gecko comes into view.
Found a scroll labeled WIOLEHOZEC and a scroll of identify.
There is a large open door here.
You see here a scroll labeled WIOLEHOZEC {!r}.
You miss the giant gecko. The giant gecko barely misses you.
You miss the giant gecko.
You bite the giant gecko, but do no damage.
The giant gecko bites you.
You closely miss the giant gecko. The giant gecko bites you.
You closely miss the giant gecko. The giant gecko bites you.
You miss the giant gecko. You barely miss the giant gecko.
You bite the giant gecko. You drain its power.
You feel invigorated.
The giant gecko is lightly wounded.
The giant gecko misses you.
You closely miss the giant gecko.
The giant gecko is lightly wounded.
The giant gecko closely misses you.
You barely miss the giant gecko.
The giant gecko is lightly wounded.
The giant gecko bites you but does no damage.
Evoke which item? (* to show all) (? for menu, Esc to quit)
Zapping:
c - a wand of flame (5/48)
Press: ? - help, Shift-Dir - straight line, f - giant gecko
Aim: a giant gecko (lightly wounded)
The puff of flame hits the giant gecko.
You kill the giant gecko!
You have reached level 6!
Your experience leads to an increase in your attributes!
Increase (S)trength, (I)ntelligence, or (D)exterity?
You feel stronger.
You begin to heal more quickly.
This wand has 4 charges left.
Found a scroll labeled ZEOR IDABAET.
k - 3 scrolls of identify {!r} (gained 1)
f - a scroll labeled WIOLEHOZEC {!r}
There is a large open door here.
Unknown command.
You have starved to death.
You die...

############# #....##.....#
########''#........##
#.........###.......#
§##........###._..._.##
§≈##.......##.........#
§≈##......#..@..8....#
##.....##.........#########
§§§##....#..._..._...........
##§§§##...#.........##########
.##§§ ##..#................###
...##≈
§##.#...#..#.........#.. .?..#
§§≈###...#..#.........#.# ...
#≈≈§ #..................#
#≈≈§#....#.#.........###


There were no monsters in sight!

Vanquished Creatures
  A hungry ghost (D:3)
  An iguana (D:3)
  A worker ant (D:4)
  2 adders (D:2)
  A worm (D:3)
  A giant gecko (D:4)
  2 ball pythons (D:4)
  A giant cockroach (D:2)
  2 hobgoblins (D:2)
  A quokka (D:4)
  A bat (D:2)
  A giant newt (D:3)
  A goblin (D:3)
  A kobold (D:2)
17 creatures vanquished.

Notes
Turn   | Place    | Note
--------------------------------------------------------------
     0 | D:1      | Amnesiac the Vine Stalker Artificer began the quest for the Orb.
     0 | D:1      | Reached XP level 1. HP: 9/9 MP: 3/3
    38 | D:2      | Reached skill level 1 in Short Blades
    63 | D:2      | Reached skill level 2 in Short Blades
    63 | D:2      | Reached XP level 2. HP: 11/14 MP: 5/5
   179 | D:2      | Reached XP level 3. HP: 12/17 MP: 6/6
   315 | D:3      | Reached skill level 3 in Short Blades
   339 | D:4      | Reached XP level 4. HP: 18/21 MP: 7/7
   346 | D:4      | Noticed a hungry ghost
   379 | D:4      | Noticed Amnesiac's ghost (amateur VSAr)
   431 | D:3      | HP: 1/21 [hungry ghost (2)]
   463 | D:3      | Killed a hungry ghost
   463 | D:3      | Reached skill level 5 in Short Blades
   463 | D:3      | Reached XP level 5. HP: 8/25 MP: 2/8
   500 | D:4      | Found an ancient bone altar of Kikubaaqudgha.
   500 | D:4      | Found a glowing golden altar of the Shining One.
   504 | D:4      | Found an opulent altar of Gozag.
   504 | D:4      | Found a basalt altar of Yredelemnul.
   562 | D:4      | Gained mutation: You heal very quickly. [Vine Stalker growth]
   562 | D:4      | Reached XP level 6. HP: 24/29 MP: 7/9
   578 | D:4      | Starved to death

Skill      XL: |  1  2  3  4 |
---------------+-------------+-----
Short Blades   | 2 3 5 |  5.2
Fighting       | |  0.8
Dodging        | |  1.5
Stealth        | |  1.2
Evocations     | |  2.6

Action                   |  1- 3 |  4- 6 || total
-------------------------+-------+-------++-------
Melee: Dagger            |    31 |    52 ||    83
       Bite              |     6 |     9 ||    15
Evoke: Wand              |     2 |    10 ||    12
  Use: Scroll            |       |     2 ||     2
 Stab: Sleeping          |     1 |       ||     1
  Eat: Meat ration       |       |     2 ||     2
       Bread ration      |       |     1 ||     1
Armor: Leather armour    |     8 |    16 ||    24
Dodge: Dodged            |    25 |    26 ||    51
